 Dungeon Crawl Stone Soup version 0.24.0-13-gcf9b319 (webtiles) character file.

Game seed: 10875210553962590346, levelgen mode: deterministic

17605 Fang the Fighter (level 12, -3/120 HPs)
             Began as a Gargoyle Berserker on Dec 2, 2019.
             Was a Priest of Trog.
             Slain by a 15-headed hydra (4 damage)
             ... on level 2 of the Lair of Beasts.
             The game lasted 00:17:57 (12336 turns).

Fang the Fighter (Gargoyle Berserker)              Turns: 12336, Time: 00:17:57

Health: -3/120     AC: 27    Str: 28    XL:     12   Next: 49%
Magic:  12/12      EV:  7    Int:  9    God:    Trog [***...]
Gold:   851        SH: 14    Dex: 12    Spells: 11/11 levels left

rFire    . . .     SeeInvis .   a - +4 broad axe
rCold    . . .     Gourm    +   B - +0 large shield
rNeg     + + .     Faith    .   b - +0 plate armour
rPois    ∞         Spirit   .   (no helmet)
rElec    +         Reflect  .   C - +2 ratskin cloak {+Rats rPois rN+ Str-1 Int-1 Dex+1}
rCorr    .         Harm     .   (no gloves)
MR       .....                  (no boots)
Stlth    ..........             o - amulet of the gourmand
HPRegen  0.30/turn              (no ring)
MPRegen  0.13/turn              E - +2 ring of dexterity

@: berserking, very quick
A: negative energy resistance 1, electricity resistance, unbreathing,
petrification resistance, rot immunity, AC +8
a: Berserk, Trog's Hand, Renounce Religion, Evoke Ratskin


You were on level 2 of the Lair of Beasts.
You worshipped Trog.
Trog was most pleased with you.
You were not hungry.

You visited 3 branches of the dungeon, and saw 14 of its levels.

You collected 851 gold pieces.

Inventory:

Hand Weapons
 a - a +4 broad axe (weapon)
Armour
 b - a +0 plate armour (worn)
 B - a +0 large shield (worn)
 C - the +2 ratskin cloak (worn) {+Rats rPois rN+ Str-1 Int-1 Dex+1}
   (You found it on level 6 of the Dungeon)

   It affects your strength (-1).
   It affects your intelligence (-1).
   It affects your dexterity (+1).
   It protects you from poison.
   It protects you from negative energy.
Jewellery
 o - an amulet of the gourmand (around neck)
 E - a +2 ring of dexterity (right hand)
Wands
 e - a wand of scattershot (7)
 i - a wand of iceblast (11)
 k - a wand of acid (6)
 s - a wand of digging (11)
 F - a wand of paralysis (12)
Scrolls
 d - 11 scrolls of remove curse
 j - 2 scrolls of blinking
 l - 3 scrolls of identify
 r - 2 scrolls of teleportation
 G - a scroll of fear
Potions
 g - a potion of haste
 h - 4 potions of heal wounds
 m - a potion of agility
 t - 3 potions of flight
 u - 3 potions of might
 v - 2 potions of ambrosia
 z - 5 potions of curing
Comestibles
 c - 24 rations


   Skills:
 + Level 11.4 Fighting
 + Level 9.8 Axes
 + Level 11.1 Armour
 + Level 8.8 Dodging
 + Level 1.2 Shields


You had 11 spell levels left.
You didn't know any spells.
Your spell library was empty.

Dungeon Overview and Level Annotations

Branches:
Dungeon (11/15)            Temple (1/1) D:5            Lair (2/6) D:10
    Orc (0/2) D:9
  Swamp: Lair:2-4    Shoals: Lair:2-4     Snake: Lair:2-4    Spider: Lair:2-4

Altars:
Ashenzari
Dithmenos
Elyvilon
Fedhas
Gozag
Hepliaklqana
Kikubaaqudgha
Nemelex Xobeh
Uskayaw
Yredelemnul

Shops:
D:10 :   D:11 [


Innate Abilities, Weirdness & Mutations

You are resistant to torment.
Your stone body is resilient. (AC +8)
You are immune to poison.
You resist negative energy. (rN+)
You are resistant to electric shocks. (rElec)
You can survive without breathing.
You are immune to petrification.
You are immune to rotting.


Message History

You lop one of the 13-headed hydra's heads off!
The 12-headed hydra grows two more!
You slash the 14-headed hydra!
The 14-headed hydra is heavily wounded.
You slash the basilisk!
You kill the basilisk!
Trog accepts your kill.
You are too injured to fight recklessly!
You chop one of the 14-headed hydra's heads off!
The 13-headed hydra grows two more!
You slice the 15-headed hydra!!
The 15-headed hydra is severely wounded.
The 15-headed hydra bites you but does no damage.
The 15-headed hydra bites you!
* * * LOW HITPOINT WARNING * * *
You block the 15-headed hydra's attack. The 15-headed hydra bites you!
* * * LOW HITPOINT WARNING * * *
The 15-headed hydra bites you but does no damage.
The 15-headed hydra bites you.
* * * LOW HITPOINT WARNING * * *
The 15-headed hydra bites you.
You die...

... ......... ..
...###......... ..
...P.(#....$... .P.
......#........ .P
..#...P........... .#
#.#.........# .#
###......#.....#
.##.#P......#..†D##
...............#@##
........#...P##...#
##...PP.P.........#
....§..P.........P#
.§§§§..#P(.P..P..##
.§§§§§.........P.##
§§§§§§#.....^..P...#
§§§§...###..###P.....
..§§§................


You could see a 15-headed hydra.

Vanquished Creatures
  A fire dragon (Lair:1)
  3 hydras (Lair:1)
  An unseen horror (D:11)
  Pikel (D:4)
  A deep elf mage (D:11)
  A manticore (D:11)
  A spiny frog (Lair:1)
  A gargoyle (D:11)
  A kobold demonologist (D:11)
  A troll (D:10)
  2 hornets
  Grinder (D:3)
  4 hippogriffs
  A shadow (D:11)
  A spriggan (D:8)
  5 humans (D:7)
  13 yaks
  3 wyverns
  A basilisk (Lair:2)
  Eustachio (D:5)
  2 fire bats (Lair:1)
  A hungry ghost (D:9)
  Menkaure (D:5)
  2 water moccasins
  4 porcupines (D:10)
  Purgy (D:4)
  An orc warrior (D:9)
  3 slaves
  2 ice beasts
  4 sky beasts
  2 necrophages (D:9)
  7 phantoms
  2 ogres
  8 centaurs
  4 crocodiles
  A big kobold (D:6)
  11 bullfrogs
  3 wyvern skeletons
  A water moccasin skeleton (D:10)
  4 scorpions
  8 killer bees (D:8)
  2 howler monkeys
  A lava snake (Lair:1)
  5 crimson imps
  2 bullfrog zombies
  A quasit (D:7)
  2 bullfrog skeletons
  A centaur zombie (D:5)
  5 hounds
  4 jellies
  4 orc priests
  9 orc wizards
  Crazy Yiuf (D:2)
  Jessica (D:3)
  Ijyb (D:3)
  3 iguanas
  5 worker ants
  3 hell rats (D:6)
  3 hound zombies
  2 worker ant zombies (D:10)
  9 gnolls
  5 river rats (D:6)
  13 adders
  3 shadow imps
  An ooze (D:7)
  2 adder skeletons
  3 worms
  2 dart slugs
  12 leopard geckos
  50 orcs
  3 ball pythons
  11 bats
  7 giant cockroaches
  8 hobgoblins
  6 jackals
  4 quokkas
  6 frilled lizards
  10 goblins
  8 kobolds
  A leopard gecko zombie (D:5)
  A quokka zombie (D:8)
  21 rats
  2 fungi (Lair:2)
  A plant (D:10)
360 creatures vanquished.

Vanquished Creatures (others)
  2 bushes (D:10)
  4 fungi
  13 plants (D:10)
19 creatures vanquished.

Grand Total: 379 creatures vanquished

Notes
Turn   | Place    | Note
-------+----------+-------------------------------------------
     0 | D:1      | Fang the Gargoyle Berserker began the quest for the Orb.
     0 | D:1      | Reached XP level 1. HP: 14/14 MP: 1/1
   300 | D:1      | Reached XP level 2. HP: 17/19 MP: 2/2
   582 | D:1      | Reached XP level 3. HP: 23/23 MP: 3/3
   742 | D:1      | Reached ** piety under Trog
  1124 | D:2      | Found a runed translucent door.
  1125 | D:2      | Noticed Crazy Yiuf
  1194 | D:2      | Reached XP level 4. HP: 29/29 MP: 4/4
  1794 | D:2      | Killed Crazy Yiuf
  1794 | D:2      | Reached XP level 5. HP: 33/33 MP: 5/5
  2037 | D:3      | Noticed Jessica
  2048 | D:3      | Killed Jessica
  2095 | D:3      | Noticed Ijyb
  2138 | D:3      | Killed Ijyb
  2402 | D:3      | Noticed Grinder
  2407 | D:3      | Paralysed by Grinder for 3 turns
  2422 | D:3      | Paralysed by Grinder for 3 turns
  2436 | D:3      | Killed Grinder
  2436 | D:3      | Reached XP level 6. HP: 22/40 MP: 6/6
  2733 | D:4      | Reached XP level 7. HP: 22/44 MP: 7/7
  3001 | D:4      | Reached skill level 5 in Fighting
  3104 | D:4      | Found an opulent altar of Gozag.
  3104 | D:4      | Found a sparkling altar of Nemelex Xobeh.
  3196 | D:4      | Reached *** piety under Trog
  3203 | D:4      | Noticed Purgy
  3237 | D:4      | Killed Purgy
  3550 | D:4      | Found a white marble altar of Elyvilon.
  3581 | D:5      | Entered Level 5 of the Dungeon
  3582 | D:5      | Noticed Pikel
  3598 | D:5      | Reached skill level 5 in Armour
  3638 | D:4      | Killed Pikel
  3638 | D:4      | Reached skill level 5 in Axes
  3638 | D:4      | Reached XP level 8. HP: 48/51 MP: 8/8
  3755 | D:5      | Found a blossoming altar of Fedhas.
  3990 | D:5      | Found a staircase to the Ecumenical Temple.
  3997 | Temple   | Entered the Ecumenical Temple
  4045 | D:5      | Found an ancient bone altar of Kikubaaqudgha.
  4147 | D:5      | Noticed Menkaure
  4156 | D:5      | Killed Menkaure
  4156 | D:5      | Reached XP level 9. HP: 22/56 MP: 9/9
  4355 | D:5      | Found a hazy altar of Hepliaklqana.
  4380 | D:5      | Reached skill level 5 in Dodging
  4460 | D:5      | Noticed Eustachio
  4489 | D:5      | Killed Eustachio
  4969 | D:6      | Noticed a +0 hand axe
  4970 | D:6      | Noticed a +0 dagger
  4973 | D:6      | Found a hide-covered altar of Uskayaw.
  5262 | D:6      | Reached **** piety under Trog
  5506 | D:6      | Found the +2 ratskin cloak {+Rats rPois rN+ Str-1 Int-1
                  | Dex+1}
  6157 | D:7      | Reached ***** piety under Trog
  6182 | D:7      | Found a shadowy altar of Dithmenos.
  6251 | D:7      | Reached XP level 10. HP: 51/64 MP: 10/10
  8063 | D:9      | Found a staircase to the Orcish Mines.
  8075 | D:9      | Reached XP level 11. HP: 71/71 MP: 11/11
  8789 | D:10     | Entered Level 10 of the Dungeon
  9160 | D:10     | Reached skill level 10 in Fighting
  9169 | D:10     | Received a gift from Trog
  9179 | D:10     | Found a staircase to the Lair.
  9424 | D:10     | Reached skill level 10 in Armour
  9469 | D:10     | Found Uwkutuma's Book Shoppe.
  9827 | D:11     | Found Feama's Armour Emporium.
  9926 | D:11     | Noticed a deep elf mage
  9936 | D:11     | Killed a deep elf mage
  9975 | D:11     | Killed an unseen horror
 10165 | D:11     | Found a shattered altar of Ashenzari.
 10169 | D:11     | Saw a vision of the Shoals and the Spider Nest.
 10169 | D:11     | Noticed a wolf spider
 10169 | D:11     | Noticed a wolf spider
 10169 | D:11     | Noticed a wolf spider
 10170 | D:11     | Noticed a wolf spider
 10204 | D:11     | Noticed a manticore
 10215 | D:11     | Reached XP level 12. HP: 43/79 MP: 12/12
 10733 | Lair:1   | Entered Level 1 of the Lair of Beasts
 10813 | Lair:1   | Noticed a six-headed hydra
 10826 | Lair:1   | Noticed a six-headed hydra
 10844 | Lair:1   | Killed a 13-headed hydra
 11438 | Lair:1   | Noticed a fire dragon
 11457 | Lair:1   | Killed a fire dragon
 11599 | Lair:1   | Killed a 15-headed hydra
 11712 | Lair:1   | Found a blossoming altar of Fedhas.
 11910 | Lair:1   | Noticed a four-headed hydra
 11919 | Lair:1   | Killed a ten-headed hydra
 11919 | Lair:1   | Reached skill level 1 in Shields
 12316 | Lair:2   | Noticed a four-headed hydra
 12336 | Lair:2   | HP: 5/120 [15-headed hydra (8)]
 12336 | Lair:2   | HP: 1/120 [15-headed hydra (4)]
 12336 | Lair:2   | Slain by a 15-headed hydra

Levels and vault maps discovered:
D:1:      wander_arrival_lonely_grave, layout_loops_ring
D:2:      layout_basic, uniq_crazy_yiuf_cottage
D:3:      layout_basic, first_ration, uniq_ijyb, uniq_jessica, uniq_grinder
D:4:      layout_cave_pools, grunt_temple_overflow_opulence,
          kennysheep_mini_moat, uniq_purgy
D:5:      layout_basic, kennysheep_mini, overflow_temple_1_default,
          temple_fountains, nrook_loot_triangle, corexii_checkpoint_b,
          minmay_ruined_shrine, uniq_eustachio, uniq_menkaure, uniq_pikel
D:6:      wander_guarded_unrand_ratskin, layout_loops_ring,
          dancing_weapons_uskayaw, gup_sewer_entry_bubbles
D:7:      layout_cave_pools, grunt_dithmenos_shadows, minmay_ruffians
D:8:      layout_loops_ring, the_bakery, minmay_misc_feat_rugged,
          kennysheep_generic_room_5
D:9:      layout_stronghold, david_orc_3
D:10:     layout_loops_cross, minmay_lair_entry_grove, serial_shops, shop
D:11:     layout_cross, serial_shops, kennysheep_little_box,
          grunt_ashenzari_visionary [grunt_ashenzari_visionary_shoals,
          grunt_ashenzari_visionary_spider]
Temple:   eino_wide_crystal_templ
Lair:1:   dragon1_lemuel, layout_regular_city, lemuel_centaur_altar
Lair:2:   layout_chaotic_city, minmay_shoals_entry_beasts, basic_altar

Skill      XL: |  1  2  3  4  5  6  7  8  9 10 11 12 |
---------------+-------------------------------------+-----
Dodging        | 2 3 4 5 7 8 |  8.8
Axes           | 3 4 5 6 8 9 |  9.8
Armour         | 3 4 5 6 7 9 10 11 | 11.1
Fighting       | 4 6 8 9 10 11 | 11.4
Shields        | 1 |  1.2

Action                   |  1- 3 |  4- 6 |  7- 9 | 10-12 || total
-------------------------+-------+-------+-------+-------++-------
Melee: Hand axe          |   109 |   216 |       |       ||   325
       War axe           |       |       |   604 |   324 ||   928
       Broad axe         |       |       |       |   374 ||   374
Invok: Berserk           |     2 |     1 |     4 |    11 ||    18
       Trog's Hand       |       |     1 |     4 |     4 ||     9
  Use: Scroll            |       |       |       |    23 ||    23
       Potion            |       |       |       |     5 ||     5
  Eat: Chunk             |     3 |    14 |    25 |    40 ||    82
Armor: Animal skin       |    11 |       |       |       ||    11
       Plate armour      |    76 |   168 |   874 |   882 ||  2000
Dodge: Dodged            |    48 |    85 |   440 |   397 ||   970
Block: Large shield      |       |       |       |   226 ||   226
